 Dungeon Crawl Stone Soup version 0.32-a0-43-g058985b245 (webtiles) character file.

Game seed: 11682283501353521671

854 drugrobin the Trooper (level 7, 0/63 HPs)
             Began as a Demigod Delver on Feb 5, 2024.
             Incinerated by a bombardier beetle (7 damage)
             ... with a burning spray
             ... on level 5 of the Dungeon.
             The game lasted 00:10:33 (4587 turns).

drugrobin the Trooper (Demigod Delver)              Turns: 4587, Time: 00:10:34

Health: 0/63       AC:  8    Str: 21    XL:     7   Next: 42%
Magic:  9/9        EV:  8    Int: 12    God:
Gold:   163        SH:  0    Dex: 15    Spells: 6/6 levels left

rFire   x . .        a - +2 hand axe (drain)
rCold   + . .        (no shield)
rNeg    . . .        F - +0 chain mail
rPois   .            (no helmet)
rElec   .            (no cloak)
rCorr   .            (no gloves)
SInv    .            (no boots)
Will    +....        (no amulet) Stlth
                     u - ring of willpower
HPRegen 0.30/turn    r - ring of ice
MPRegen 0.11/turn

%: no passive effects
@: on fire, glowing
A: high MP 1, forlorn, divine attributes
a: no special abilities


You were on level 5 of the Dungeon.
You visited 1 branch of the dungeon, and saw 6 of its levels.

You collected 163 gold pieces.

Inventory:

Hand Weapons
 a - a +2 hand axe of draining (weapon)
 q - a +0 mace
 s - a +0 whip
 y - a +0 morningstar
 A - a +1 short sword of draining
 G - a +0 sling
Missiles
 k - 5 poisoned darts (quivered)
 C - a throwing net
Armour
 b - a +0 leather armour
 i - a +0 ring mail
 l - a +0 scale mail
 F - a +0 chain mail (worn)
Jewellery
 r - a ring of ice (right hand)
 u - a ring of willpower (left hand)
 E - a ring of magical power
Talismans
 w - a maw talisman
Wands
 g - a wand of digging (2)
Scrolls
 c - 2 scrolls of fog
 d - a scroll of revelation
 e - a scroll of fear
 j - 2 scrolls of teleportation {unknown}
 m - a scroll of noise {unknown}
 p - a scroll of amnesia {unknown}
 t - 2 scrolls of identify {unknown}
 v - a scroll of vulnerability {unknown}
 x - 2 scrolls of poison {unknown}
 z - a scroll of immolation {unknown}
 B - a scroll of summoning {unknown}
Potions
 f - a potion of haste
 h - 2 potions of lignification {unknown}
 n - 2 potions of resistance {unknown}
 o - 2 potions of degeneration {unknown}
 D - a potion of curing {unknown}


   Skills:
 - Level 6.0 Fighting
 + Level 5.7(5.9) Axes
 - Level 1.8(4.1) Maces & Flails
 - Level 1.7 Dodging
 - Level 4.5 Stealth


You had 6 spell levels left.
You didn't know any spells.
Your spell library was empty.

Dungeon Overview and Level Annotations

Branches:
Dungeon (6/15)
 Temple: D:4-7

Annotations:
D:5 Duvessa, Grinder
D:6 Jeremiah


Innate Abilities, Weirdness & Mutations

You have an increased reservoir of magic. (+10% MP)
You shall have no god before yourself.
Your divine heritage dramatically boosts your attributes as you level up.


Message History

Grinder is severely wounded.
You hit the phantom. Grinder hits you. The phantom hits you.
The bombardier beetle sprays incendiary fluid at you.
The burning spray hits you.
You are covered in liquid fire!
Unknown command.
Unknown command.
Unknown command.
Unknown command.
You closely miss Grinder.
Grinder is severely wounded.
You hit the phantom. The liquid fire burns you!
Grinder hits you but does no damage.
The phantom hits you but does no damage.
Unknown command.
Unknown command.
Unknown command.
You hit Grinder but do no damage.
Grinder is severely wounded.
You miss the phantom. The liquid fire burns you!
* * * LOW HITPOINT WARNING * * *
Grinder gestures at you. Pain shoots through your body!
* * * LOW HITPOINT WARNING * * *
The phantom hits you.
* * * LOW HITPOINT WARNING * * *
The phantom blinks!
You blink.
Unknown command.
Unknown command.
Unknown command.
Unknown command.
Unknown command.
Unknown command.
As you read the scroll of fear, it crumbles to dust.
You assume a fearsome visage.
Grinder looks frightened!
The bombardier beetle looks frightened!
The phantom is unaffected.
The liquid fire burns you!
You die...

#.####..#####
#...........#
######.####.#
#.####.######
##..(.>......#
##...###.####.######
#ยง5...##...##.......
#..B.........(.#####
#..@...........#
##.W..####.##..#
###........>..#
##.####.....# .#
####..# .# #..# #
#..# #..# ...#


You could see Grinder (fleeing), a phantom and a bombardier beetle (fleeing).

Vanquished Creatures
  A kobold demonologist (D:6)
  A phantom (D:6)
  A bullfrog (D:6)
  Dowan (D:5)
  A hound (D:4)
  An orc priest (D:3)
  Natasha (D:3)
  Terence (D:3)
  A sleepcap (D:4)
  2 iguanas
  8 gnolls
  4 adders
  A white imp (D:5)
  A dart slug (D:4)
  A ribbon worm (D:3)
  11 orcs
  7 ball pythons
  5 bats
  8 endoplasms
  4 giant cockroaches
  7 goblins
  2 hobgoblins
  4 jackals (D:4)
  4 quokkas
  3 frilled lizards
  4 kobolds
  5 rats
90 creatures vanquished.

Notes
Turn   | Place    | Note
-------+----------+-------------------------------------------
     0 | D:5      | drugrobin the Demigod Delver began the quest for the Orb.
     0 | D:5      | Reached XP level 1. HP: 18/18 MP: 3/3
    15 | D:5      | Noticed a phantom
    79 | D:4      | Reached skill level 3 in Fighting
   132 | D:4      | Noticed an iguana
   201 | D:4      | Reached XP level 2. HP: 22/26 MP: 4/4
   505 | D:3      | Reached skill level 4 in Fighting
   505 | D:3      | Reached XP level 3. HP: 19/33 MP: 5/5
  1574 | D:2      | Reached XP level 4. HP: 41/41 MP: 6/6
  1707 | D:3      | Noticed Terence
  1739 | D:3      | Killed Terence
  1740 | D:3      | Reached skill level 5 in Fighting
  2079 | D:3      | Noticed Natasha
  2479 | D:3      | Killed Natasha
  2480 | D:3      | Reached XP level 5. HP: 27/48 MP: 7/7
  2582 | D:4      | Reached skill level 1 in Axes
  2928 | D:4      | Reached XP level 6. HP: 42/57 MP: 8/8
  3213 | D:4      | Reached skill level 6 in Fighting
  3502 | D:5      | Noticed Dowan
  3529 | D:5      | Killed Dowan
  3530 | D:5      | Noticed Duvessa
  3640 | D:5      | Noticed Grinder
  4003 | D:6      | Noticed a kobold demonologist
  4007 | D:6      | Noticed a smoke demon
  4058 | D:6      | Noticed a hellwing
  4071 | D:6      | Killed a kobold demonologist
  4072 | D:6      | Reached skill level 5 in Axes
  4072 | D:6      | Reached XP level 7. HP: 6/63 MP: 9/9
  4405 | D:6      | Noticed a yak
  4470 | D:6      | Noticed Jeremiah
  4587 | D:5      | Incinerated by a bombardier beetle

Illustrated notes

Levels and vault maps discovered:
D:1:      wander_arrival_fairy_ring, layout_loops_ring, kennysheep_nondescript,
          columned_hall_lemuel
D:2:      layout_rooms
D:3:      layout_loops_cross, kennysheep_crisscross, nicolae_figureground_pulse,
          uniq_natasha, uniq_terence
D:4:      layout_loops_ring, serial_bayou_lake_a
D:5:      layout_loops_ring, chequers_temple_overflow_minitemple, temple_hall,
          gammafunk_ghost_smash, uniq_pikel, uniq_duvessa, uniq_grinder
D:6:      layout_basic, minmay_manual_moon, uniq_jeremiah

Skill      XL: |  1  2  3  4  5  6 |
---------------+-------------------+-----
Fighting       | 3 4 5 6 |  6.0
Axes           | 2 5 |  5.7
Maces & Flails | |  1.8
Dodging        | |  1.7
Stealth        | |  4.5

Action                     |  1- 3 |  4- 6 |  7- 9 || total
---------------------------+-------+-------+-------++-------
  Melee: Mace              |    90 |       |       ||    90
         Punch             |     3 |     1 |     1 ||     5
         Short sword       |    30 |    56 |       ||    86
         Whip              |    26 |       |       ||    26
         Hand axe          |       |   153 |    14 ||   167
  Throw: Dart              |     9 |    13 |       ||    22
         Throwing net      |       |       |     1 ||     1
  Evoke: Wand              |       |     1 |       ||     1
    Use: Scroll            |       |       |     1 ||     1
   Stab: Sleeping          |     3 |     3 |       ||     6
 Armour: Leather armour    |    39 |       |       ||    39
         Scale mail        |    52 |   164 |       ||   216
         Chain mail        |       |       |    14 ||    14
  Dodge: Dodged            |    97 |   113 |     3 ||   213

Table legend: (Time is in decaauts)
 A = Elapsed time spent in this place.
 B = Non-inter-level travel time spent in this place.
 C = Inter-level travel time spent in this place.
 D = Time resting spent in this place.
 E = Time spent auto-exploring this place.
 F = Levels seen in this place.
 G = Mean time per level.
                   A        B        C        D        E       F      G
               +--------+--------+--------+--------+--------+-----+--------+
         Total |   4686 |   4519 |    167 |    700 |   2336 |   6 |  781.0 |
       Dungeon |   4686 |   4519 |    167 |    700 |   2336 |   6 |  781.0 |
               +--------+--------+--------+--------+--------+-----+--------+

Top non-repeatable levels by time:
     D:3: 1363 daAuts
     D:4: 1213 daAuts
     D:6: 927 daAuts
     D:1: 617 daAuts
     D:2: 432 daAuts
     D:5: 132 daAuts
